 Dungeon Crawl Stone Soup version 0.25-a0-603-g0321be95db (webtiles) character file.

Game seed: 1219631056404410288, levelgen mode: deterministic

7739 Haet the Geomancer (level 11, -1/96 HPs)
             Began as a Gargoyle Earth Elementalist on Mar 16, 2020.
             Was a Believer of Vehumet.
             Slain by a vampire (8 damage)
             ... on level 10 of the Dungeon.
             The game lasted 00:33:33 (10231 turns).

Haet the Geomancer (Gargoyle Earth Elementalist)   Turns: 10231, Time: 00:33:34

Health: -1/96      AC: 25    Str: 12      XL:     11   Next: 20%
Magic:  30/30      EV:  2    Int: 17      God:    Vehumet [**....]
Gold:   106        SH:  0    Dex:  9 (10) Spells: 14/23 levels left

rFire    + . .     SeeInvis .   e - +5 mace (protect)
rCold    + . .     Gourm    .   (no shield)
rNeg     + + +     Faith    .   (armour currently unavailable)
rPois    ∞         Spirit   .   (helmet currently unavailable)
rElec    +         Reflect  .   (cloak currently unavailable)
rCorr    +         Harm     .   (gloves currently unavailable)
MR       .....     NoTele   +   (boots currently unavailable)
Stlth    +.........             (no amulet)
HPRegen  0.26/turn              l - ring of magical power
MPRegen  0.22/turn              (no ring)

@: confused, tree-form, resistant
A: deterioration 1, dopey 1, negative energy resistance 1, petrification
resistance, rot immunity, AC +8
a: Renounce Religion


You were on level 10 of the Dungeon.
You worshipped Vehumet.
Vehumet was pleased with you.
You were not hungry.
You were a tree.
You visited 2 branches of the dungeon, and saw 11 of its levels.

You collected 671 gold pieces.
You spent 565 gold pieces at shops.

Inventory:

Hand Weapons
 a - a +0 morningstar
 e - a +5 mace of protection (weapon)
 m - the +9 staff of Olgreb {rPois∞}
   (You found it on level 7 of the Dungeon)

   It grants immunity to poison.
 u - a +2 short sword of electrocution
Missiles
 b - 251 stones (quivered)
 C - 5 silver boomerangs
Armour
 f - a +1 pair of gloves (melded)
 o - a scarf of cloud immunity (melded)
 r - a +1 helmet (melded)
 s - a cursed +0 robe (melded)
Jewellery
 c - an uncursed ring of fire
 l - a ring of magical power (left branch)
 x - an uncursed ring of ice
Wands
 i - a wand of polymorph (12)
 v - a wand of iceblast (9)
 B - a wand of clouds (4)
Scrolls
 h - 4 scrolls of identify
 j - 3 scrolls of remove curse
 n - 2 scrolls of immolation
 p - a scroll of amnesia
 w - a scroll of blinking
 y - a scroll of teleportation
Potions
 g - 3 potions of haste
 k - 6 potions of flight
 q - a potion of lignification
Comestibles
 d - 27 rations
 A - 6 chunks of flesh


   Skills:
 + Level 5.7 Fighting
 + Level 5.1 Maces & Flails
 + Level 5.7 Armour
 + Level 4.7 Dodging
 - Level 2.1 Stealth
 + Level 6.7 Spellcasting
 + Level 7.2 Conjurations
   Level 0.7 Transmutations
 + Level 9.3 Earth Magic
 + Level 4.7 Evocations


You had 14 spell levels left.
You knew the following spells:

 Your Spells              Type           Power        Failure   Level  Hunger
a - Sandblast             Erth           #####.       1%          1    None
b - Stone Arrow           Conj/Erth      ####..       1%          3    ##.....
c - Lee's Rapid Deconstr  Erth           #####.....   7%          5    #####..

Your spell library contained the following spells:

 Spells                   Type           Power        Failure   Level  Hunger
 Conjure Flame            Conj/Fire      ###.....     9%          3    ##.....
 Passwall                 Tmut/Erth      ###.....     2%          2    None
 Petrify                  Tmut/Erth      ###.....     16%         4    ####...
 Confusing Touch          Hex            #.......     34%         3    ##.....
 Gell's Gravitas          Tloc           #.........   34%         3    ##.....
 Yara's Violent Unravell  Hex/Tmut       #.........   96%         5    #####..
 Metabolic Englaciation   Hex/Ice        #.........   97%         5    #####..


Dungeon Overview and Level Annotations

Branches:
Dungeon (10/15)            Temple (1/1) D:6             Orc (0/2) D:9
   Lair: D:8-11

Altars:
Ashenzari
Dithmenos
Elyvilon
Fedhas
Hepliaklqana
Kikubaaqudgha
Makhleb
Nemelex Xobeh
Okawaru
Qazlal
Ru
Sif Muna
Trog
Vehumet
Wu Jian
Yredelemnul
Zin

Shops:
D:5 !   D:7 [   D:9 *   D:10 ?

Annotations:
D:7 1 runed translucent door


Innate Abilities, Weirdness & Mutations

You are resistant to torment.
((Your stone body is resilient. (AC +8)))
You are immune to poison.
You resist negative energy. (rN+)
((You are resistant to electric shocks. (rElec)))
((You can survive without breathing.))
You are immune to petrification.
You are immune to rotting.
((You are partially covered in iridescent scales. (AC +2)))
Your body sometimes deteriorates upon taking damage.
You are dopey. (Int -2)


Message History

Unknown command.
You're too confused!
You feel protected. Something hits you but does no damage.
Something bites you but does no damage.
You cannot move. (Use ctrl+direction or * direction to attack without moving.)
You cannot move. (Use ctrl+direction or * direction to attack without moving.)
You cannot move. (Use ctrl+direction or * direction to attack without moving.)
You cannot move. (Use ctrl+direction or * direction to attack without moving.)
You closely miss something. Something hits you but does no damage.
Something bites you but does no damage.
You're too confused to cast spells.
You cannot move. (Use ctrl+direction or * direction to attack without moving.) Unknown command.
Okay, then.
Unknown command.
You cannot move. (Use ctrl+direction or * direction to attack without moving.)
You cannot move. (Use ctrl+direction or * direction to attack without moving.)
You completely miss something. Something hits you but does no damage.
Something bites you!
You die...

###..........
.............
............ #..........
#.._.....#
##########..§.....#
...........§○.....#######
......⌠.)§☼○♣............
.......∩))§{°............
######⌠.⌠.#####..........
##########..........
.>...............
.................
#########......#
#..#####.
##########........


There were no monsters in sight!

Vanquished Creatures
  A two-headed ogre (D:8)
  A centaur skeleton (D:10)
  Grinder (D:3)
  2 hippogriffs
  5 yaks (D:8)
  2 wyverns
  4 hogs (D:7)
  A human (D:7)
  A hungry ghost (D:9)
  4 water moccasins
  3 soldier ants (D:7)
  An orc warrior (D:8)
  A black bear (D:8)
  An ice beast (D:7)
  A phantom (D:9)
  A sky beast (D:7)
  2 ogres
  10 centaurs
  A bullfrog (D:7)
  A scorpion (D:10)
  A water moccasin skeleton (D:4)
  5 wights (D:9)
  12 killer bees
  4 howler monkeys
  3 crimson imps
  2 centaur zombies
  2 jellies
  2 quasits
  3 hounds
  4 orc priests
  3 orc wizards
  An iguana (D:6)
  Natasha (twice) (D:3)
  10 worker ants
  A hound zombie (D:5)
  A hound skeleton (D:4)
  A worker ant zombie (D:5)
  Robin (D:2)
  14 adders
  A shadow imp (D:10)
  2 worms (D:5)
  An adder skeleton (D:6)
  3 dart slugs
  6 leopard geckos
  30 orcs
  8 bats
  2 giant cockroaches
  12 goblins
  8 hobgoblins
  8 jackals
  4 quokkas
  A ball python (D:2)
  3 frilled lizards
  5 kobolds
  5 rats
215 creatures vanquished.

Notes
Turn   | Place    | Note
-------+----------+-------------------------------------------
     0 | D:1      | Haet the Gargoyle Earth Elementalist began the quest for
                  | the Orb.
     0 | D:1      | Reached XP level 1. HP: 10/10 MP: 3/3
   573 | D:1      | Reached skill level 4 in Earth Magic
   573 | D:1      | Reached XP level 2. HP: 13/15 MP: 5/5
  1072 | D:2      | Reached XP level 3. HP: 16/19 MP: 4/7
  1116 | D:2      | Learned a level 3 spell: Stone Arrow
  2067 | D:3      | Noticed Robin
  2101 | D:2      | Killed Robin
  2101 | D:2      | Reached skill level 1 in Conjurations
  2101 | D:2      | Reached XP level 4. HP: 20/24 MP: 0/8
  2413 | D:3      | Noticed Natasha
  2419 | D:3      | Killed Natasha
  2419 | D:3      | Reached skill level 5 in Earth Magic
  2488 | D:3      | Noticed Natasha
  2518 | D:3      | Killed Natasha
  2518 | D:3      | Reached XP level 5. HP: 28/28 MP: 6/10
  2528 | D:3      | Learned a level 5 spell: Lee's Rapid Deconstruction
  2559 | D:3      | Noticed Grinder
  2594 | D:3      | Killed Grinder
  2594 | D:3      | Reached XP level 6. HP: 32/32 MP: 1/12
  2708 | D:3      | Reached skill level 6 in Earth Magic
  2896 | D:3      | Found an ornate altar of the Wu Jian Council.
  3459 | D:3      | Found an iron altar of Okawaru.
  3536 | D:4      | Found a glowing silver altar of Zin.
  3672 | D:4      | Reached XP level 7. HP: 21/36 MP: 13/13
  4141 | D:4      | Found a sparkling altar of Nemelex Xobeh.
  4145 | D:4      | Found a blossoming altar of Fedhas.
  4150 | D:4      | Found an ancient bone altar of Kikubaaqudgha.
  4437 | D:5      | Entered Level 5 of the Dungeon
  4441 | D:5      | Found Ulantu's Distillery.
  4447 | D:5      | Bought a potion of heal wounds for 65 gold pieces
  4447 | D:5      | Bought a potion of ambrosia for 104 gold pieces
  4515 | D:5      | Reached skill level 1 in Fighting
  4515 | D:5      | Reached skill level 1 in Maces & Flails
  4515 | D:5      | Reached skill level 1 in Armour
  4797 | D:5      | Gained mutation: Your body sometimes deteriorates upon
                  | taking damage. [potion of mutation]
  4797 | D:5      | Gained mutation: You are dopey. (Int -2) [potion of
                  | mutation]
  4797 | D:5      | Gained mutation: You are partially covered in iridescent
                  | scales. (AC +2) [potion of mutation]
  4801 | D:5      | Reached skill level 1 in Evocations
  4801 | D:5      | Reached XP level 8. HP: 33/43 MP: 2/15
  5416 | D:6      | Reached skill level 7 in Earth Magic
  6125 | D:6      | Found a staircase to the Ecumenical Temple.
  6130 | D:6      | Reached skill level 5 in Spellcasting
  6158 | Temple   | Entered the Ecumenical Temple
  6169 | Temple   | Became a worshipper of Vehumet
  6613 | D:7      | Found Yxoukk's Armour Emporium.
  6914 | D:7      | Reached skill level 5 in Conjurations
  6916 | D:7      | Reached XP level 9. HP: 42/49 MP: 7/16
  7179 | D:7      | Found the +9 staff of Olgreb {rPois∞}
  7183 | D:7      | Found a runed translucent door.
  7227 | D:7      | Found a runed translucent gate.
  7238 | D:7      | Found a white marble altar of Elyvilon.
  7287 | D:7      | Found a runed translucent gate.
  7287 | D:7      | Found a runed translucent gate.
  7301 | D:7      | Found a runed translucent door.
  7474 | D:7      | You fall into a shaft and drop 2 floors!
  7475 | D:9      | Found a staircase to the Orcish Mines.
  7647 | D:7      | Reached skill level 8 in Earth Magic
  7651 | D:7      | Reached * piety under Vehumet
  7651 | D:7      | Offered knowledge of Shock by Vehumet.
  7781 | D:7      | Reached XP level 10. HP: 56/56 MP: 18/18
  7991 | D:8      | Noticed a two-headed ogre
  7996 | D:8      | Killed a two-headed ogre
  8397 | D:8      | Reached skill level 5 in Armour
  8402 | D:8      | Offered knowledge of Magic Dart by Vehumet.
  8403 | D:8      | Reached skill level 5 in Fighting
  9007 | D:8      | Reached ** piety under Vehumet
  9139 | D:9      | Reached skill level 9 in Earth Magic
  9185 | D:9      | Found a burning altar of Makhleb.
  9185 | D:9      | Found a hazy altar of Hepliaklqana.
  9367 | D:9      | Found an iron altar of Okawaru.
  9400 | D:9      | Reached XP level 11. HP: 37/64 MP: 20/20
  9611 | D:9      | Reached skill level 5 in Maces & Flails
  9752 | D:9      | Found Surchy's Demolitions Depot.
  9768 | D:9      | Bought a wand of clouds (5) for 351 gold pieces
  9768 | D:9      | Bought a scroll of immolation for 45 gold pieces
  9986 | D:10     | Entered Level 10 of the Dungeon
  9986 | D:10     | Noticed a two-headed ogre
 10172 | D:10     | Found a shadowy altar of Dithmenos.
 10175 | D:10     | Found Forips's Magic Scroll Boutique.
 10185 | D:10     | Offered knowledge of Conjure Flame by Vehumet.
 10231 | D:10     | Slain by a vampire

Levels and vault maps discovered:
D:1:      minmay_arrival_four_loops, layout_basic
D:2:      layout_basic, first_ration, minivault_11
D:3:      layout_loops_corners, marbit_many_paths,
          lemuel_coloured_pillars_altar, minmay_splitting_lines, uniq_natasha,
          uniq_grinder, uniq_robin
D:4:      layout_loops_ring, kennysheep_mini_moat,
          minmay_overflow_temple_star_quad
D:5:      layout_basic, serial_shops, shop
D:6:      layout_layer_cave, minmay_temple_entry_statues_pillars
D:7:      layout_loops_ring, elyvilon_altar_5, serial_shops, shop,
          grunt_livestock, minmay_guarded_unrand_staff_of_olgreb
D:8:      layout_loops_ring, kb_lookout_dungeons_type
D:9:      layout_irregular_city, gammafunk_temple_overflow_pools, orc_david_3,
          nicolae_blasting_shop, okawaru_metal_pillars_1_2
D:10:     minmay_general_purpose_star, layout_long_grid, basic_altar,
          serial_shops, shop_fountains, uniq_harold
Temple:   cyrus_circular_temple

Skill      XL: |  1  2  3  4  5  6  7  8  9 10 11 |
---------------+----------------------------------+-----
Earth Magic    | 4 5 6 7 8 9 |  9.3
Conjurations   | 1 2 3 4 5 6 7 |  7.2
Spellcasting   | 3 4 5 6 |  6.7
Fighting       | 1 2 4 5 |  5.7
Maces & Flails | 1 2 3 4 5 |  5.1
Armour         | 1 2 4 5 |  5.7
Dodging        | 2 3 4 |  4.7
Evocations     | 1 2 3 4 |  4.7
Stealth        | |  2.1
Transmutations | |  0.7

Action                   |  1- 3 |  4- 6 |  7- 9 | 10-12 || total
-------------------------+-------+-------+-------+-------++-------
Melee: Spear             |    95 |       |       |       ||    95
       Mace              |       |    80 |   160 |   102 ||   342
Throw: Boomerang         |       |       |       |     9 ||     9
 Cast: Sandblast         |    23 |    18 |    65 |   112 ||   218
       Stone Arrow       |       |     2 |     6 |       ||     8
       Lee's Rapid Decon |       |     1 |     8 |    11 ||    20
Evoke: Wand              |       |       |       |     2 ||     2
  Use: Scroll            |     4 |     4 |     5 |     4 ||    17
       Potion            |     3 |     1 |     5 |     4 ||    13
 Stab: Sleeping          |     5 |     4 |     3 |     2 ||    14
  Eat: Chunk             |     4 |     5 |    12 |    10 ||    31
       Ration            |       |       |     2 |       ||     2
Armor: Robe              |    31 |    36 |   137 |   107 ||   311
       Skin              |       |       |       |     6 ||     6
Dodge: Dodged            |    67 |    53 |   168 |   152 ||   440

Table legend:
 A = Non-vault XP
 B = Vault XP
 C = Vault XP percentage of total XP
 D = Non-vault monster count
 E = Vault monster count
 F = Vault count percentage of total count
                 A         B        C        D         E       F
            +---------+---------+-------+---------+---------+-------
      Total |    8127 |    2929 |  26.5 |     171 |      44 |  20.5
            +---------+---------+-------+---------+---------+-------
        D:1 |      26 |       0 |   0.0 |      14 |       0 |   0.0
        D:2 |      24 |      19 |  44.2 |       8 |       3 |  27.3
        D:3 |     173 |     315 |  64.5 |      29 |      11 |  27.5
        D:4 |     160 |       0 |   0.0 |       8 |       0 |   0.0
        D:5 |     752 |       0 |   0.0 |      27 |       0 |   0.0
        D:6 |     341 |       0 |   0.0 |      11 |       0 |   0.0
        D:7 |     680 |    2529 |  78.8 |      12 |      25 |  67.6
        D:8 |    3252 |      54 |   1.6 |      25 |       1 |   3.8
        D:9 |    1813 |      12 |   0.7 |      26 |       4 |  13.3
       D:10 |     906 |       0 |   0.0 |      11 |       0 |   0.0
            +---------+---------+-------+---------+---------+-------
